 Dungeon Crawl Stone Soup version 0.30.1-11-g7821555f0a (webtiles) character file.

Game seed: 16546633892334393012

23894 firemarshallily the Thaumaturge (level 12, -8/108 HPs)
             Began as a Green Draconian Conjurer on July 15, 2023.
             Was a Follower of Sif Muna.
             Mangled by a komodo dragon (10 damage)
             ... on level 12 of the Dungeon on Jan 15, 2024.
             The game lasted 01:16:37 (16623 turns).

firemarshallily the Thaumaturge (DrCj)             Turns: 16623, Time: 01:16:37

Health: -8/108     AC: 11    Str: 11    XL:     12   Next: 75%
Magic:  8/29       EV: 14    Int: 23    God:    Sif Muna [*.....]
Gold:   497        SH:  5    Dex:  9    Spells: 20/37 levels left

rFire   . . .        w - +7 flail (holy)
rCold   + . .        (no shield)
rNeg    . . .        (body armour unavailable)
rPois   +            (helmet restricted)
rElec   .            (no cloak)
rCorr   .            F - +1 pair of gloves
SInv    +            E - +0 pair of boots
Will    .....        p - amulet of reflection
Stlth   ++           s - ring of see invisible
HPRegen 0.38/turn    B - ring of protection from cold
MPRegen 0.21/turn

%: reflection
@: mighty, about to teleport
A: breathe noxious fumes, AC +8, unfitting armour, poison resistance,
cold-blooded
a: Breathe Noxious Fumes, Renounce Religion, Channel Magic


You were on level 12 of the Dungeon.
You worshipped Sif Muna.
Sif Muna was aware of your devotion.
You visited 2 branches of the dungeon, and saw 13 of its levels.

You collected 758 gold pieces.
You spent 261 gold pieces at shops.

Inventory:

Hand Weapons
 l - a +3 dagger
 w - a +7 flail of holy wrath (weapon)
Missiles
 b - 35 poisoned darts
 j - 4 javelins
 m - a curare-tipped dart
 n - 8 boomerangs
Armour
 E - a +0 pair of boots (worn)
 F - a +1 pair of gloves (worn)
Jewellery
 c - a ring of fire
 e - a ring of wizardry
 p - an amulet of reflection (around neck)
 q - an amulet of magic regeneration
 s - a ring of see invisible (left hand)
 u - an amulet of the acrobat
 y - a ring of protection from cold
 B - a ring of protection from cold (right hand)
Wands
 d - a wand of polymorph (1)
 A - a wand of iceblast (17)
 G - a wand of light (9)
Scrolls
 f - a scroll of fear
 i - 2 scrolls of fog
 k - 3 scrolls of amnesia
 o - a scroll of brand weapon
 r - a scroll of silence
 t - 6 scrolls of identify
 v - a scroll of vulnerability
Potions
 a - 9 potions of attraction
 h - a potion of berserk rage
 x - a potion of brilliance
 z - a potion of lignification
 H - 2 potions of cancellation {unknown}


   Skills:
 + Level 10.8 Fighting
 + Level 9.4 Dodging
 - Level 1.7 Stealth
 * Level 13.0 Spellcasting
 + Level 10.8 Conjurations


You had 20 spell levels left.
You knew the following spells:

 Your Spells              Type           Power      Damage    Failure   Level
a - Magic Dart            Conj           100%       1d8       1%          1
b - Searing Ray           Conj           100%       2d8       1%          2
c - Dazzling Flash        Conj/Hex       78%        N/A       1%          3
d - Fulminant Prism       Conj/Hex       19%        3d11      4%          4
e - Iskenderun's Mystic   Conj/Tloc      39%        2d9       4%          4
f - Mephitic Cloud        Conj/Pois/Air  31%        N/A       2%          3

Your spell library contained the following spells:

 Spells                   Type           Power      Damage    Failure   Level
 Apportation              Tloc           28%        N/A       4%          1
 Necrotise                Necr           56%        1d6       4%          1
 Summon Small Mammal      Summ           56%        N/A       4%          1
 Blink                    Tloc           28%        N/A       6%          2
 Call Imp                 Summ           28%        N/A       6%          2
 Cigotuvi's Dreadful Rot  Necr/Pois/Air  28%        N/A       6%          2
 Sublimation of Blood     Necr           14%        N/A       6%          2
 Wereblood                Tmut           14%        N/A       6%          2
 Call Canine Familiar     Summ           14%        N/A       12%         3
 Portal Projectile        Hex/Tloc       28%        N/A       12%         3
 Vhi's Electric Charge    Tloc/Air       28%        N/A       12%         3
 Arcjolt                  Conj/Air       19%        1d29      12%         5
 Dispel Undead            Necr           14%        3d10      38%         4
 Leda's Liquefaction      Hex/Erth       7%         N/A       38%         4
 Manifold Assault         Tloc           14%        N/A       38%         4
 Death Channel            Necr           7%         N/A       99%         6
 Plasma Beam              Fire/Air       7%         2x1d19    99%         6
 Storm Form               Tmut/Air       7%         N/A       100%        7
 Summon Hydra             Summ           7%         N/A       100%        7
 Maxwell's Capacitive Co  Air            7%         ∞         100%        8


Dungeon Overview and Level Annotations

Branches:
Dungeon (12/15)            Temple (1/1) D:5            Lair (0/5) D:9
    Orc (0/2) D:10

Altars:
Ashenzari
Cheibriados
Dithmenos
Elyvilon
Fedhas
Gozag
Hepliaklqana
Kikubaaqudgha
Makhleb
Nemelex Xobeh
Okawaru
Qazlal
Ru
Sif Muna
Trog
Uskayaw
Vehumet
Wu Jian
Xom
Yredelemnul
Zin
The Shining One

Shops:
D:1 =   D:7 ?*   D:8 (


Innate Abilities, Weirdness & Mutations

You can breathe blasts of noxious fumes.
Your lurid green scales are hard. (AC +8)
You cannot fit into any form of body armour.
Your system is resistant to poisons. (rPois)
You are cold-blooded and may be slowed by cold attacks.


Message History

Confirm with . or Enter, or press ? or * to list all spells.
Aiming: Fulminant Prism (dangerous; 4% risk of failure)
Press: ? - help, Dir - move target, p - komodo dragon You conjure a prism of explosive energy!
A fulminant prism comes into view.
The komodo dragon barely misses you. The komodo dragon bites you!
Your fulminant prism crackles loudly.
You hit the komodo dragon.
The komodo dragon is moderately wounded.
The komodo dragon bites you!!
A white ugly thing comes into view.
Your fulminant prism explodes!
The blast of energy engulfs the komodo dragon!
The komodo dragon is heavily wounded.
The blast of energy engulfs the komodo dragon!
The komodo dragon is moderately wounded.
The komodo dragon bites you!
* * * LOW HITPOINT WARNING * * *
You feel much better.
The komodo dragon bites you but does no damage.
You block the komodo dragon's attack.
Casting: Fulminant Prism (dangerous; 4% risk of failure)
Confirm with . or Enter, or press ? or * to list all spells.
Aiming: Fulminant Prism (dangerous; 4% risk of failure)
Press: ? - help, Dir - move target You conjure a prism of explosive energy!
A fulminant prism comes into view.
The white ugly thing tail-slaps your fulminant prism but does no damage.
The komodo dragon misses you. The komodo dragon bites you!!
As you read the scroll of teleportation, it crumbles to dust.
You feel strangely unstable.
Your fulminant prism crackles loudly.
The komodo dragon misses you. The komodo dragon bites you!
* * * LOW HITPOINT WARNING * * *
You feel very mighty all of a sudden. The komodo dragon bites you!!
* * * LOW HITPOINT WARNING * * *
The komodo dragon bites you!
You die...

...........#
...........#
..........?..
............## .
...^.........##..
.................
......##.....#
........l@..###
........l.....#
...#.*u......##
...#..........#
.................
.......#.........
.................
.................
..#..##..........


You could see a white ugly thing (ally target), 2 komodo dragons and a friendly
fulminant prism.

Vanquished Creatures
  A centaur warrior (D:11)
  Erica (D:9)
  2 boulder beetles
  An alligator (D:11)
  4 two-headed ogres
  Urug (D:10)
  3 cyclopes
  A manticore (D:11)
  Joseph (D:7)
  Maggie (D:7)
  A gargoyle (D:7)
  A kobold demonologist (D:10)
  2 unseen horrors
  3 trolls
  Prince Ribbit (D:7)
  6 slime creatures
  4 shadows
  A vampire (D:9)
  3 wyverns
  A human (D:10)
  23 yaks
  A steam dragon (D:8)
  Edmund (D:4)
  2 wargs
  An acid dragon (D:11)
  7 water moccasins
  2 orc warriors
  A sky beast (D:5)
  A hornet zombie (D:6)
  2 ice beasts (D:5)
  3 black bears
  4 centaurs
  2 phantoms (D:6)
  Blork the orc (D:5)
  5 kobold brigands
  3 bullfrogs
  A gnoll sergeant (D:5)
  5 scorpions
  A water moccasin zombie (D:6)
  A killer bee (D:9)
  6 wights
  8 howler monkeys
  5 bullfrog zombies (D:6)
  2 jellies
  9 orc priests
  A hound (D:7)
  A centaur skeleton (D:6)
  A gnoll bouda (D:6)
  3 iguanas
  A sleepcap (D:8)
  16 orc wizards
  A killer bee zombie (D:6)
  A howler monkey zombie (D:6)
  Robin (D:2)
  7 adders
  7 gnolls
  A shadow imp (D:6)
  3 white imps
  An ufetubus (D:5)
  3 worms (D:2)
  55 orcs
  9 ball pythons
  4 bats
  7 endoplasms
  4 giant cockroaches
  9 hobgoblins
  7 jackals
  26 kobolds
  A quokka (D:3)
  3 frilled lizards
  13 goblins
  4 rats
  A fulminant prism (D:12)
327 creatures vanquished.

Vanquished Creatures (others)
  An orc (D:7)
  220 fulminant prisms
221 creatures vanquished.

Grand Total: 548 creatures vanquished

Notes
Turn   | Place    | Note
-------+----------+-------------------------------------------
     0 | D:1      | firemarshallily the Draconian Conjurer began the quest for
                  | the Orb.
     0 | D:1      | Reached XP level 1. HP: 14/14 MP: 3/3
   236 | D:1      | Reached XP level 2. HP: 22/22 MP: 1/5
   278 | D:1      | Learned a level 2 spell: Searing Ray
   446 | D:1      | Found Lusenufe's Jewellery Shop.
   726 | D:1      | Reached skill level 1 in Fighting
   905 | D:1      | Found a faded altar of an unknown god.
  1108 | D:2      | You fall into a shaft and drop 1 floor!
  1297 | D:3      | Reached XP level 3. HP: 28/28 MP: 1/6
  1690 | D:2      | Reached skill level 3 in Spellcasting
  1833 | D:2      | Reached XP level 4. HP: 35/35 MP: 1/8
  2348 | D:2      | Noticed Robin
  3189 | D:4      | Noticed a scorpion
  3196 | D:4      | Killed a scorpion
  3197 | D:4      | Reached XP level 5. HP: 41/41 MP: 2/10
  3262 | D:4      | Learned a level 4 spell: Fulminant Prism
  3266 | D:4      | Learned a level 3 spell: Dazzling Flash
  3443 | D:4      | Noticed Edmund
  3465 | D:4      | Killed Edmund
  3466 | D:4      | Reached skill level 4 in Spellcasting
  3466 | D:4      | Reached XP level 6. HP: 6/50 MP: 2/12
  4048 | D:5      | Entered Level 5 of the Dungeon
  4090 | D:5      | Noticed an ice beast
  4100 | D:5      | Killed an ice beast
  4101 | D:5      | Reached skill level 5 in Conjurations
  4487 | D:5      | Noticed Blork the orc
  4496 | D:5      | Noticed a sky beast
  4506 | D:5      | Killed a sky beast
  4507 | D:5      | Your scales start taking on a lurid green colour.
  4507 | D:5      | Reached XP level 7. HP: 14/57 MP: 0/14
  4507 | D:5      | Gained mutation: Your system is resistant to poisons.
                  | (rPois) [Green Draconian growth]
  4915 | D:5      | Found a staircase to the Ecumenical Temple.
  4937 | Temple   | Entered the Ecumenical Temple
  5225 | D:5      | Reached skill level 5 in Spellcasting
  6028 | D:5      | Killed Blork the orc
  6251 | D:2      | Killed Robin
  6497 | D:6      | Found a blossoming altar of Fedhas.
  6572 | D:5      | Reached XP level 8. HP: 66/66 MP: 16/16
  6772 | D:6      | Reached skill level 6 in Spellcasting
  6848 | D:6      | Reached skill level 5 in Fighting
  7056 | D:6      | Identified the +1 sling of Zepu Una {flame, rPois rN+}
  7058 | D:6      | Reached skill level 5 in Dodging
  7061 | D:6      | Reached skill level 7 in Spellcasting
  7083 | D:6      | HP: 3/69 [killer bee zombie (6)]
  7216 | D:6      | Reached XP level 9. HP: 63/74 MP: 19/19
  7711 | D:6      | Upgraded the game from 0.30.1-1-g62c8e00024 to
                  | 0.30.1-11-g7821555f0a
  7713 | D:7      | Found Eejipooc's Eclectic Emporium.
  7742 | D:7      | Found a white marble altar of Elyvilon.
  7743 | D:7      | Found an iron altar of Okawaru.
  7828 | D:7      | Found a shimmering altar of Xom.
  7861 | D:7      | Noticed Maggie
  7878 | D:7      | Noticed Joseph
  7893 | D:7      | Killed Maggie
  7933 | D:7      | Noticed Prince Ribbit
  7964 | D:7      | Killed Joseph
  8228 | D:7      | Found The Oracle's Delphic Readings.
  8263 | D:7      | Reached skill level 10 in Spellcasting
  8263 | D:7      | Reached XP level 10. HP: 34/88 MP: 8/24
  8265 | D:7      | Killed Prince Ribbit
  8385 | D:7      | Bought a scroll of fear for 52 gold pieces
  8385 | D:7      | Bought a scroll of teleportation for 39 gold pieces
  8450 | D:7      | Noticed a two-headed ogre
  8461 | D:7      | Killed a two-headed ogre
  8462 | D:7      | Noticed a gargoyle
  8525 | D:7      | Killed a gargoyle
  8658 | D:7      | Found a broken altar of Ashenzari.
  8718 | D:7      | Noticed a boulder beetle
  8761 | D:7      | Killed a boulder beetle
  8762 | D:7      | Reached XP level 11. HP: 95/95 MP: 2/25
  9483 | D:7      | Found a sacrificial altar of Ru.
  9568 | D:7      | HP: 6/123 [wight/+5 mace (3)]
 10158 | D:8      | Found Deppuano's Antique Weapon Boutique.
 10176 | D:8      | Learned a level 4 spell: Iskenderun's Mystic Blast
 10180 | D:8      | Learned a level 3 spell: Mephitic Cloud
 10180 | D:8      | Bought an encrusted flail for 170 gold pieces
 10180 | D:8      | Identified the +1 flail "Ifuc" {distort, *Rage rCorr Int+4}
                  | (You bought it in a shop on level 8 of the Dungeon)
 10474 | D:8      | Reached skill level 11 in Spellcasting
 11351 | D:9      | Found an opulent altar of Gozag.
 11393 | D:9      | Noticed a two-headed ogre
 11395 | D:9      | Found a glowing silver altar of Zin.
 11414 | D:9      | Noticed a two-headed ogre
 11417 | D:9      | Killed a two-headed ogre
 11703 | D:8      | Killed a two-headed ogre
 12056 | D:9      | Noticed an angel
 12130 | D:9      | Found a shimmering blue altar of Sif Muna.
 12153 | D:9      | Became a worshipper of Sif Muna the Loreminder
 12234 | D:9      | Found an ornate altar of the Wu Jian Council.
 12375 | D:9      | Found a staircase to the Lair.
 12431 | D:10     | Entered Level 10 of the Dungeon
 12517 | D:10     | Noticed Erica
 12706 | D:9      | Killed Erica
 12707 | D:9      | Reached skill level 10 in Conjurations
 12891 | D:10     | Reached XP level 12. HP: 85/106 MP: 17/27
 13052 | D:10     | Reached skill level 12 in Spellcasting
 13271 | D:10     | Reached * piety under Sif Muna
 13289 | D:10     | Found a staircase to the Orcish Mines.
 13325 | D:10     | Noticed Urug
 13352 | D:10     | Killed Urug
 13353 | D:10     | Reached skill level 10 in Fighting
 14732 | D:10     | Found a radiant altar of Vehumet.
 14826 | D:11     | Noticed a boulder beetle
 14853 | D:11     | Reached ** piety under Sif Muna
 14873 | D:11     | HP: 6/159 [boulder beetle (7)]
 14874 | D:11     | Killed a boulder beetle
 15328 | D:11     | Noticed a boulder beetle
 15329 | D:11     | a boulder beetle changed into an alligator
 15329 | D:11     | Noticed an alligator
 15341 | D:11     | Killed an alligator
 15834 | D:11     | Noticed a centaur warrior
 15845 | D:11     | Killed a centaur warrior
 16041 | D:11     | Noticed a two-headed ogre
 16059 | D:11     | Killed a two-headed ogre
 16264 | D:11     | Reached skill level 13 in Spellcasting
 16623 | D:12     | HP: 2/108 [komodo dragon (25)]
 16623 | D:12     | Mangled by a komodo dragon

Illustrated notes

Levels and vault maps discovered:
D:1:      doesnt_arrival_eight_statues, layout_loops_ring, serial_shops, shop,
          shapermc_ecumenical_altar_mp_vishouse
D:2:      layout_basic, uniq_robin
D:3:      layout_basic
D:4:      layout_rooms, nrook_loot_triangle, uniq_edmund
D:5:      layout_gridville, minmay_temple_entry_ruins, uniq_blork_the_orc
D:6:      layout_cave_pools, mainiacjoe_overflow_chevrons, serial_undead,
          serial_undead_d, serial_undead_a, serial_undead_e, serial_undead_a,
          grunt_decor_cap, corexii_leaking_fountain
D:7:      minmay_blocky_corners, layout_basic, nicolae_ru_path_of_blood,
          cheibrodos_ashenzari_chains, gammafunk_temple_overflow_forgotten,
          hangedman_decor_peaks_small, nicolae_alphabet_shops,
          nicolae_nh_oracle_at_delphi, uniq_joseph, uniq_maggie,
          uniq_prince_ribbit1
D:8:      kennysheep_blocky_hall, layout_loops_ring, serial_shops, shop
D:9:      layout_cave_pools, zin_angel, grunt_gozag_statues, led_sif_book,
          mainiacjoe_overflow_concentric_impassable, due_lair_maze_entry_diamond
D:10:     layout_cave_pools, fiery_altar_vehumet, erik_orc_4,
          nicolae_nh_ransacked_shop, uniq_erica, uniq_urug
D:11:     layout_loops_corners
D:12:     layout_cave_pools
Temple:   minmay_temple_curvy_loop

Skill      XL: |  1  2  3  4  5  6  7  8  9 10 11 12 |
---------------+-------------------------------------+-----
Dodging        | 2 3 4 5 7 8 9 |  9.4
Fighting       | 1 2 3 4 5 8 9 10 | 10.8
Spellcasting   | 3 4 5 7 10 11 13 | 13.0
Conjurations   | 5 6 8 9 10 | 10.8
Stealth        | |  1.7

Action                     |  1- 3 |  4- 6 |  7- 9 | 10-12 || total
---------------------------+-------+-------+-------+-------++-------
  Melee: Unarmed           |     3 |       |       |       ||     3
         Tailslap          |     2 |     3 |    17 |    37 ||    59
         Dagger            |     9 |    29 |    77 |       ||   115
         Punch             |       |       |     7 |     3 ||    10
         Flail             |       |       |    85 |   238 ||   323
  Throw: Dart              |       |     1 |     1 |     7 ||     9
         Boomerang         |       |       |     3 |     5 ||     8
   Cast: Magic Dart        |    69 |    89 |    74 |    28 ||   260
         Searing Ray       |       |     9 |    12 |    10 ||    31
         Fulminant Prism   |       |     3 |    26 |   197 ||   226
         Dazzling Flash    |       |       |     1 |       ||     1
         Iskenderun's Myst |       |       |       |     2 ||     2
         Mephitic Cloud    |       |       |       |     3 ||     3
Ability: Breathe Noxious F |       |       |    10 |    10 ||    20
  Evoke: Wand              |       |       |       |     6 ||     6
    Use: Scroll            |     1 |     3 |    16 |    10 ||    30
         Potion            |       |       |    15 |    11 ||    26
   Stab: Sleeping          |     2 |     1 |       |       ||     3
         Confused          |       |       |     1 |     4 ||     5
 Armour: Skin              |     4 |    10 |    88 |   136 ||   238
  Dodge: Dodged            |    12 |    23 |   137 |   247 ||   419
  Block: Other             |       |     1 |    51 |    73 ||   125
         Reflection        |       |       |     6 |     1 ||     7
